 Dungeon Crawl Stone Soup version 0.28-a0-1235-g7c8fac35f0 (webtiles) character file.

Game seed: 10784768001607351466

7527 Conn the Arsonist (level 11, -4/96 HPs)
             Began as an Octopode Fire Elementalist on Dec 24, 2021.
             Was a Believer of Sif Muna.
             Shot with a bolt by an orc knight (26 damage)
             ... on level 10 of the Dungeon on Dec 25, 2021.
             The game lasted 00:26:20 (12111 turns).

Conn the Arsonist (Octopode Fire Elementalist)     Turns: 12111, Time: 00:26:21

Health: -4/96      AC: 29    Str: 10 (13) XL:     11   Next: 16%
Magic:  41/41      EV:  2    Int: 20 (23) God:    Sif Muna [**....]
Gold:   418        SH:  0    Dex: 11 (14) Spells: 2/27 levels left

rFire   + . .      SeeInvis .   c - +0 dagger (flame)
rCold   x . .      Faith    .   (no shield)
rNeg    . . .      Spirit   .   (helmet currently unavailable)
rPois   +          Reflect  .   (no amulet)
rElec   .          Harm     .   j - +6 ring of strength
rCorr   .          Rampage  .   g - +4 ring of protection
Will    .....      NoTele   +   o - ring of magical power
Stlth   +.........              n - ring of magical power
HPRegen 0.26/turn               w - ring of fire
MPRegen 0.27/turn               (no ring)
                                (no ring)
                                (no ring)

@: confused, tree-form, weak-willed, ambrosia-drunk
A: stationary, stasis, torment immunity, boosted hp, almost no armour,
(amphibious), 8 rings, (camouflage 1), (gelatinous body 1), (nimble swimmer 1),
(tentacles), clever 1, MP-powered wands
a: Renounce Religion, Channel Magic


You were on level 10 of the Dungeon.
You worshipped Sif Muna.
Sif Muna was pleased with you.
You were a tree.
You visited 2 branches of the dungeon, and saw 11 of its levels.
You also visited: Bailey.

You collected 418 gold pieces.

Inventory:

Hand Weapons
 b - a +0 dagger
 c - a +0 dagger of flaming (weapon)
Jewellery
 g - a +4 ring of protection (right branch)
 j - a +6 ring of strength (left branch)
 n - a ring of magical power (on tentacle)
 o - a ring of magical power (on tentacle)
 w - a ring of fire (on tentacle)
Wands
 d - a wand of paralysis (3)
 h - a wand of flame (31)
 D - a wand of iceblast (6)
Scrolls
 a - a scroll of vulnerability
 f - 2 scrolls of enchant armour {unknown}
 l - a scroll of teleportation {unknown}
 m - a scroll of immolation {unknown}
 p - a scroll of fog
 r - a scroll of torment {unknown}
 t - a scroll of amnesia {unknown}
 u - a scroll of noise {unknown}
 y - a scroll of silence {unknown}
 z - a scroll of acquirement {unknown}
 A - a scroll of brand weapon {unknown}
 C - a scroll of holy word {unknown}
 E - a scroll of magic mapping {unknown}
Potions
 e - a potion of haste
 i - 2 potions of degeneration
 k - a potion of curing
 q - a potion of cancellation {unknown}
 s - a potion of flight {unknown}
 v - a potion of mutation
 B - a potion of ambrosia


   Skills:
 + Level 1.9 Fighting
 + Level 2.8 Short Blades
 + Level 3.7 Dodging
 + Level 6.5 Stealth
 + Level 8.6 Spellcasting
 + Level 7.3 Conjurations
 + Level 1.6 Hexes
 * Level 2.7 Summonings
 + Level 8.8 Fire Magic
 * Level 2.8 Air Magic
 * Level 2.2 Earth Magic
 + Level 1.6 Poison Magic
 * Level 2.4 Invocations


You had 2 spell levels left.
You knew the following spells:

 Your Spells              Type           Power      Damage    Failure   Level
a - Foxfire               Conj/Fire      100%       2x1d9     1%          1
b - Conjure Flame         Conj/Fire      57%        6-21      1%          3
c - Inner Flame           Hex/Fire       44%        N/A       2%          3
d - Flame Wave            Conj/Fire      57%        2d9       2%          4
e - Scorch                Fire           100%       2d10      1%          2
f - Mephitic Cloud        Conj/Pois/Air  24%        N/A       4%          3
g - Call Imp              Summ           19%        N/A       3%          2
h - Stone Arrow           Conj/Erth      54%        3d10      3%          3
i - Summon Lightning Spi  Summ/Air       19%        N/A       26%         4

Your spell library contained the following spells:

 Spells                   Type           Power      Damage    Failure   Level
 Magic Dart               Conj           100%       1d8       1%          1
 Sandblast                Erth           34%        2d9       3%          1
 Slow                     Hex            60%        N/A       4%          1
 Passwall                 Tmut/Erth      10%        N/A       8%          2
 Confusing Touch          Hex            15%        N/A       12%         3
 Yara's Violent Unravell  Hex/Tmut       5%         3d4       85%         5
 Storm Form               Tmut/Air       7%         N/A       100%        7
 Maxwell's Capacitive Co  Air            10%        ∞         100%        8


Dungeon Overview and Level Annotations

Branches:
Dungeon (10/15)            Temple (1/1) D:5          Bailey (visited)
   Lair: D:8-11         Orc: D:9-12

Altars:
Ashenzari
Cheibriados
Dithmenos
Elyvilon
Gozag
Hepliaklqana
Nemelex Xobeh
Qazlal
Sif Muna
Wu Jian
Xom
The Shining One

Annotations:
D:3 Grinder


Innate Abilities, Weirdness & Mutations

You are a tree.
Your roots penetrate the ground, keeping you stationary.
You cannot be teleported.
You are immune to unholy pain and torment.
Your maximum health is greatly increased.
You cannot wear most types of armour.
((You are amphibious.))
You can wear up to eight rings at the same time.
((Your skin changes colour to match your surroundings (Stealth+).))
((Your rubbery body absorbs attacks. (AC +1, EV +1)))
((You are camouflaged when in or above water. (Stealth+)))
((You have tentacles for arms and can constrict up to eight enemies at once.))
Your mind is acute. (Int +2)
You expend magic power (3 MP) to strengthen your wands.


Message History

Casting: Foxfire (safe; 1% risk of failure)
Confirm with . or Enter, or press ? or * to list all spells.
Aiming: Mephitic Cloud (dangerous; 4% risk of failure)
Press: ? - help, Shift-Dir - straight line, f - orc knight
Aim: an orc knight, wielding a +0 arbalest, wearing a +0 chain mail and quivering bolts (chance to affect: 58%)
The ball explodes into a vile cloud!
The stinking cloud engulfs the orc knight but does no damage.
The orc knight is engulfed in noxious fumes.
The orc knight shoots a bolt.
The bolt closely misses you.
It was a potion of degeneration.
There was something very wrong with that liquid.
You feel weakened.
You feel dopey.
You feel clumsy.
The orc knight is engulfed in noxious fumes.
The orc knight appears confused.
It was a potion of curing.
You feel better.
It was a potion of mutation.
You feel extremely strange.
You feel your magical essence link to the dungeon's wands.
You feel clever.
The orc knight is engulfed in noxious fumes.
The orc knight wonders, "What am I doing in here?"
As you read the scroll labelled YSANUN GOOZIHU, it crumbles to dust.
The scroll dissolves into smoke.
It was a scroll of fog.
As you read the scroll labelled LINAMY VUJEA, it crumbles to dust.
Magic quickly surges around you.
It was a scroll of vulnerability.
The orc knight seems less confused.
The orc knight shoots a bolt.
The bolt completely misses you.
Really quaff the potion of lignification?
You turn into a tree.
Your roots penetrate the ground.
The orc knight shoots a bolt.
The bolt hits you.
* * * LOW HITPOINT WARNING * * *
You are confused.
You feel invigorated.
The orc knight shoots a bolt.
The bolt hits you.
* * * LOW HITPOINT WARNING * * *
You hear a shout!
Unknown command.
The orc knight shoots a bolt.
The bolt hits you but does no damage.
The orc knight shoots a bolt.
The bolt hits you.
* * * LOW HITPOINT WARNING * * *
The orc knight shoots a bolt.
The bolt hits you!!
You die...

.#.. .## #.#
.$.. .##. #†#
.....
#.########.#
#.........†#
##..........#
............#
#...§§§§§§§#
#...§o§§§..#
#...§§§♣§.§#
#..?§§....§#
#..§.§..§..#
#..........#
............#
.#..........#
#..........#
#..........#


You could see an orc knight (weak-willed).

Vanquished Creatures
  A centaur warrior (D:10)
  A tengu warrior (D:10)
  An ugly thing (D:7)
  A manticore (D:10)
  Maggie (D:6)
  A komodo dragon (D:8)
  A troll (D:10)
  3 slime creatures (D:8)
  Sigmund (D:3)
  Eustachio (D:5)
  2 water moccasins
  Edmund (D:6)
  6 orc warriors
  A hornet zombie (D:7)
  A sky beast (D:6)
  3 ogres (D:5)
  3 centaurs
  A kobold brigand (D:10)
  4 bullfrogs
  Blork the orc (D:5)
  2 wyvern zombies (D:6)
  3 scorpions
  10 killer bees
  5 wights
  A jelly (D:7)
  3 bullfrog zombies
  A gnoll shaman (D:4)
  3 hounds
  Crazy Yiuf (D:5)
  A centaur skeleton (D:5)
  10 orc priests
  A bullfrog skeleton (D:5)
  Ijyb (D:3)
  Natasha (thrice) (D:2)
  6 orc wizards
  A killer bee zombie (D:7)
  A hound skeleton (D:4)
  A howler monkey zombie (D:7)
  5 gnolls (D:4)
  4 adders
  4 ufetubi
  2 adder skeletons
  3 worms
  5 dart slugs
  31 orcs
  10 endoplasms
  A giant cockroach (D:3)
  3 goblins
  5 hobgoblins
  8 jackals (D:2)
  8 kobolds
  4 quokkas
  7 ball pythons
  2 bats
  6 frilled lizards
  5 rats
  2 butterflies (D:5)
  A foxfire (D:10)
205 creatures vanquished.

Vanquished Creatures (others)
  An adder (D:6)
  870 foxfires
  2 withered plants (D:3)
873 creatures vanquished.

Grand Total: 1078 creatures vanquished

Notes
Turn   | Place    | Note
-------+----------+-------------------------------------------
     0 | D:1      | Conn the Octopode Fire Elementalist began the quest for the
                  | Orb.
     0 | D:1      | Reached XP level 1. HP: 11/11 MP: 3/3
   299 | D:1      | Reached XP level 2. HP: 17/17 MP: 0/5
  1142 | D:2      | Reached XP level 3. HP: 18/21 MP: 6/6
  1207 | D:2      | Noticed Natasha
  1219 | D:2      | Killed Natasha
  1471 | D:2      | Learned a level 3 spell: Conjure Flame
  1518 | D:2      | Reached XP level 4. HP: 27/27 MP: 4/7
  1758 | D:2      | Noticed Natasha
  1762 | D:2      | Killed Natasha
  1864 | D:2      | Noticed Natasha
  1872 | D:2      | Killed Natasha
  1873 | D:2      | Reached skill level 1 in Short Blades
  1873 | D:2      | Reached XP level 5. HP: 11/31 MP: 3/8
  2778 | D:3      | Noticed Ijyb
  2786 | D:3      | Killed Ijyb
  3076 | D:3      | Found an ornate altar of the Wu Jian Council.
  3188 | D:3      | Noticed Sigmund
  3194 | D:3      | Killed Sigmund
  3195 | D:3      | Reached XP level 6. HP: 36/36 MP: 10/10
  3524 | D:3      | Reached XP level 7. HP: 25/42 MP: 4/12
  3743 | D:3      | Found a faded altar of an unknown god.
  3941 | D:3      | Reached skill level 5 in Stealth
  4156 | D:3      | Noticed Grinder
  4205 | D:3      | Learned a level 3 spell: Inner Flame
  4210 | D:3      | Learned a level 4 spell: Flame Wave
  4388 | D:4      | HP: 3/63 [gnoll shaman (1)]
  4828 | D:4      | Reached skill level 5 in Fire Magic
  4864 | D:4      | Found a shadowy altar of Dithmenos.
  5148 | D:5      | Entered Level 5 of the Dungeon
  5164 | D:5      | Reached skill level 1 in Fighting
  5236 | D:5      | Found a staircase to the Ecumenical Temple.
  5245 | Temple   | Entered the Ecumenical Temple
  5261 | Temple   | Became a worshipper of Sif Muna the Loreminder
  5312 | D:5      | Reached XP level 8. HP: 46/48 MP: 9/13
  5460 | D:5      | Noticed Eustachio
  5470 | D:5      | Noticed Blork the orc
  5471 | D:5      | Killed Eustachio
  5478 | D:5      | Killed Blork the orc
  5884 | D:5      | Found a runed translucent door.
  5885 | D:5      | Noticed Crazy Yiuf
  5908 | D:5      | Killed Crazy Yiuf
  6317 | D:6      | Noticed Edmund
  6332 | D:6      | Killed Edmund
  6333 | D:6      | Reached skill level 5 in Spellcasting
  6459 | D:6      | Reached * piety under Sif Muna
  6695 | D:6      | Reached XP level 9. HP: 53/53 MP: 15/17
  6698 | D:6      | Learned a level 2 spell: Scorch
  6702 | D:6      | Learned a level 3 spell: Mephitic Cloud
  6705 | D:6      | Learned a level 2 spell: Call Imp
  7135 | D:6      | Noticed Maggie
  7152 | D:6      | Killed Maggie
  7153 | D:6      | Reached skill level 5 in Conjurations
  7543 | D:7      | Reached skill level 1 in Hexes
  7793 | D:7      | Noticed a brown ugly thing
  7814 | D:7      | Killed a brown ugly thing
  8111 | D:7      | Reached XP level 10. HP: 20/58 MP: 20/20
  8356 | D:7      | Found an opulent altar of Gozag.
  8978 | D:8      | Found a glowing golden altar of the Shining One.
  8981 | D:8      | Found a stormy altar of Qazlal.
  8981 | D:8      | Found a white marble altar of Elyvilon.
  9814 | D:8      | Learned a level 3 spell: Stone Arrow
  9819 | D:8      | Learned a level 4 spell: Summon Lightning Spire
  9993 | D:8      | Reached ** piety under Sif Muna
 10313 | D:9      | Reached skill level 1 in Air Magic
 10437 | D:9      | Found a flagged portal.
 10446 | Bailey   | Entered a bailey
 10812 | D:9      | Reached skill level 1 in Invocations
 10952 | D:9      | Reached skill level 1 in Summonings
 11422 | D:10     | Entered Level 10 of the Dungeon
 11549 | D:10     | Noticed an ogre mage
 11550 | D:10     | Noticed a manticore
 11558 | D:10     | Noticed a centaur warrior
 11562 | D:10     | Noticed a boulder beetle
 11564 | D:10     | Noticed a skeletal warrior
 11687 | D:10     | Noticed a tengu warrior
 11705 | D:10     | Killed a manticore
 11706 | D:10     | Reached skill level 1 in Earth Magic
 11706 | D:10     | Reached skill level 1 in Poison Magic
 11727 | D:10     | Killed a centaur warrior
 11728 | D:10     | Reached XP level 11. HP: 30/64 MP: 5/23
 11756 | D:10     | Killed a tengu warrior
 12096 | D:10     | Noticed an orc knight
 12099 | D:10     | HP: 2/64 [orc knight/bolt (20)]
 12103 | D:10     | Gained mutation: You expend magic power (3 MP) to
                  | strengthen your wands. [potion of mutation]
 12103 | D:10     | Gained mutation: Your mind is acute. (Int +2) [potion of
                  | mutation]
 12111 | D:10     | Shot with a bolt by an orc knight

Illustrated notes

Levels and vault maps discovered:
D:1:      minmay_arrival_stone_box, layout_basic
D:2:      layout_basic, uniq_natasha
D:3:      layout_basic, nzn_wu_jian_contemplation,
          shapermc_ecumenical_altar_flowoftime, uniq_grinder, uniq_ijyb,
          uniq_sigmund
D:4:      layout_gridville, grunt_dithmenos_smoke_and_mirrors
D:5:      layout_rooms, minmay_temple_entry_butterflies,
          uniq_crazy_yiuf_cottage, uniq_blork_the_orc, uniq_eustachio
D:6:      layout_basic, uniq_edmund, uniq_maggie
D:7:      layout_basic, grunt_gozag_breadcrumbs, minmay_diced_spiral
D:8:      layout_basic, grunt_temple_overflow_open, small_chamber_with_monster
D:9:      layout_irregular_city, enter_bailey_2, minmay_misc_feat_x,
          statue_in_the_mist_lemuel
D:10:     minmay_cut_squares, layout_small_grid, lair_entry_dummy
Temple:   eino_temple_scatter_basement

Skill      XL: |  1  2  3  4  5  6  7  8  9 10 11 |
---------------+----------------------------------+-----
Stealth        | 3 4 5 6 |  6.5
Short Blades   | 1 2 |  2.8
Conjurations   | 2 3 4 5 7 |  7.3
Fire Magic     | 4 5 6 7 8 |  8.8
Spellcasting   | 3 5 7 8 |  8.6
Dodging        | 3 |  3.7
Fighting       | 1 |  1.9
Hexes          | 1 |  1.6
Air Magic      | 2 |  2.8
Invocations    | 2 |  2.4
Summonings     | 2 |  2.7
Earth Magic    | 1 2 |  2.2
Poison Magic   | 1 |  1.6

Action                   |  1- 3 |  4- 6 |  7- 9 | 10-12 || total
-------------------------+-------+-------+-------+-------++-------
Melee: Dagger            |    23 |    52 |    63 |     9 ||   147
       Constrict         |     4 |    14 |    17 |       ||    35
       Tentacles         |     3 |     7 |    18 |     1 ||    29
       Unarmed           |     1 |       |       |       ||     1
 Cast: Foxfire           |    46 |    60 |   234 |   166 ||   506
       Inner Flame       |       |       |    12 |     5 ||    17
       Scorch            |       |       |     6 |    20 ||    26
       Mephitic Cloud    |       |       |     1 |    19 ||    20
       Stone Arrow       |       |       |       |     3 ||     3
       Call Imp          |       |       |       |     2 ||     2
       Flame Wave        |       |       |       |     2 ||     2
       Conjure Flame     |       |       |       |     2 ||     2
Evoke: Wand              |       |       |     1 |       ||     1
  Use: Scroll            |       |     4 |       |     2 ||     6
       Potion            |       |     1 |     2 |     5 ||     8
 Stab: Sleeping          |     4 |     5 |     5 |     1 ||    15
Armor: Skin              |       |     4 |    32 |     9 ||    45
Dodge: Dodged            |    18 |    50 |    70 |    31 ||   169

Table legend: (Time is in decaauts)
 A = Elapsed time spent in this place.
 B = Non-inter-level travel time spent in this place.
 C = Inter-level travel time spent in this place.
 D = Time resting spent in this place.
 E = Time spent auto-exploring this place.
 F = Levels seen in this place.
 G = Mean time per level.
                   A        B        C        D        E       F      G
               +--------+--------+--------+--------+--------+-----+--------+
         Total |  12094 |  11870 |    224 |    594 |   8824 |  12 | 1007.8 |
       Dungeon |  12061 |  11847 |    214 |    594 |   8818 |  10 | 1206.1 |
        Temple |     26 |     16 |     10 |      0 |      6 |   1 |   26.0 |
        Bailey |      5 |      5 |      0 |      0 |      0 |   1 |    5.0 |
               +--------+--------+--------+--------+--------+-----+--------+

Top non-repeatable levels by time:
     D:2: 1683 daAuts
     D:3: 1480 daAuts
     D:8: 1427 daAuts
     D:9: 1394 daAuts
     D:6: 1167 daAuts
     D:5: 1148 daAuts
     D:7: 1098 daAuts
     D:1: 1078 daAuts
     D:4: 895 daAuts
    D:10: 687 daAuts
  Temple: 26 daAuts
  Bailey: 5 daAuts
